 Dungeon Crawl Stone Soup version 0.29.0-4-gdea44cf6ec (webtiles) character file.

Game seed: 14184396630654316803

45 qw the Sneak (level 3, 0/23 HPs)
             Began as a Gargoyle Delver on Sept 10, 2022.
             Slain by a scorpion (6 damage)
             ... on level 5 of the Dungeon.
             The game lasted 00:00:13 (494 turns).

qw the Sneak (Gargoyle Delver)                       Turns: 494, Time: 00:00:13

Health: 0/23       AC:  6    Str: 17    XL:     3   Next: 64%
Magic:  3/3        EV: 11    Int: 10    God:
Gold:   0          SH:  0    Dex: 11    Spells: 2/2 levels left

rFire   . . .      SeeInvis .   Y - +0 hand axe
rCold   . . .      Faith    .   (no shield)
rNeg    + . .      Spirit   .   b - +0 leather armour
rPois   inf        Reflect  .   (no helmet)
rElec   +          Harm     .   (no cloak)
rCorr   .          Rampage  .   (no gloves)
Will    .....                   (no boots)
Stlth   +++.......              (no amulet)
HPRegen 0.07/turn               (no ring)
MPRegen 0.08/turn               (no ring)

@: no status effects
A: sickness immunity, AC +3, negative energy resistance 1, electricity
resistance, torment resistance 1, petrification resistance
a: no special abilities


You were on level 5 of the Dungeon.
You visited 1 branch of the dungeon, and saw 1 of its levels.


Innate Abilities, Weirdness & Mutations

You are immune to sickness and miasma.
Your stone body is resilient. (AC +3)
You are immune to poison.
You resist negative energy. (rN+)
You are resistant to electric shocks. (rElec)
You are resistant to unholy torment.
You are immune to petrification.


   Skills:
 - Level 3.2 Fighting
 + Level 3.5 Axes
 - Level 1.5 Dodging
 - Level 5.4 Stealth


You had 2 spell levels left.
You didn't know any spells.
Your spell library was empty.

Inventory:

Hand Weapons
 h - a +0 flail
 Y - a +0 hand axe (weapon)
Armour
 b - a +0 leather armour (worn)
Wands
 g - a wand of digging (3)
Potions
 f - a potion of haste

Dungeon Overview and Level Annotations

Branches:
Dungeon (5/15)             Temple (0/1) D:5

Altars:


Message History

The scorpion stings you but does no damage.
You slash the scorpion!
The scorpion is heavily wounded.
You barely miss the adder. The adder bites you but does no damage.
The scorpion barely misses you. The adder bites you but does no damage.
You hit the scorpion but do no damage.
The scorpion is heavily wounded.
You hit the adder but do no damage. The scorpion stings you.
The adder bites you but does no damage.
The scorpion stings you but does no damage.
You hit the scorpion.
The scorpion is severely wounded.
You closely miss the adder. The adder completely misses you.
The scorpion misses you. The adder bites you but does no damage.
You hit the scorpion but do no damage.
The scorpion is severely wounded.
You hit the adder. The scorpion closely misses you. The adder bites you.
You hit the scorpion but do no damage.
The scorpion is severely wounded.
You hit the adder. You miss the lemure. The scorpion stings you.
The adder bites you. The lemure completely misses you.
The scorpion barely misses you.
You barely miss the scorpion.
The scorpion is severely wounded.
You barely miss the lemure. You barely miss the adder.
The adder bites you but does no damage. The lemure barely misses you.
The adder bites you. The scorpion misses you.
You hit the scorpion but do no damage.
The scorpion is severely wounded.
You hit the lemure. You closely miss the adder. The lemure hits you.
The adder bites you but does no damage. The scorpion stings you.
The lemure completely misses you.
You hit the scorpion but do no damage.
The scorpion is severely wounded.
You barely miss the adder. You closely miss the lemure.
The adder closely misses you. The scorpion stings you.
You die...

.#......####......##
.........#..##....###
.....##...))#.......#
#........%.........#
.##.##...##.......###
....##...##......###
...................####
..#....>..............#
#....s@.............##
#..##.S5##............##
...?##...##.........##...
.....$.............##....
.............#...........
....?........#...........
...................#.....
............##....##....
..........


You could see a lemure, a scorpion and an adder.

Vanquished Creatures
  A hound (D:5)
  An adder (D:5)
  2 orcs (D:5)
  A quokka (D:5)
5 creatures vanquished.

Notes
Turn   | Place    | Note
-------+----------+-------------------------------------------
     0 | D:5      | qw the Gargoyle Delver began the quest for the Orb.
     0 | D:5      | Reached XP level 1. HP: 14/14 MP: 1/1
     0 | D:5      | 0 ||| qw: Version: 0.1-a-116-g5d60599
     0 | D:5      | 0 ||| qw: Game counter: 8853
     0 | D:5      | 0 ||| qw: Always use a shield: true
     0 | D:5      | 0 ||| qw: God list: Okawaru
     0 | D:5      | 0 ||| qw: Allow faded altars: false
     0 | D:5      | 0 ||| qw: Do Orc after D:15 true
     0 | D:5      | 0 ||| qw: Do second Lair branch before Depths: true
     0 | D:5      | 0 ||| qw: Lair rune preference: random
     0 | D:5      | 0 ||| qw: Plans: Normal
     0 | D:5      | 0 ||| PLANNING D:1-11
    35 | D:5      | Reached XP level 2. HP: 12/19 MP: 2/2
   156 | D:5      | 156 ||| READING scroll labelled JAWEXO QIVEUDGH.
   157 | D:5      | 157 ||| DROPPING scroll of fog.
   158 | D:5      | 158 ||| DROPPING scroll of magic mapping.
   159 | D:5      | 159 ||| DROPPING scroll of fear.
   160 | D:5      | 160 ||| Stepping randomly (stuck).
   162 | D:5      | 162 ||| Stepping randomly (stuck).
   164 | D:5      | 164 ||| Stepping randomly (stuck).
   165 | D:5      | 165 ||| Stepping randomly (stuck).
   167 | D:5      | 167 ||| Stepping randomly (stuck).
   168 | D:5      | 168 ||| Stepping randomly (stuck).
   168 | D:5      | Found a staircase to the Ecumenical Temple.
   169 | D:5      | 169 ||| PLANNING TEMPLE
   169 | D:5      | 169 ||| Stepping ~*~*~tactically~*~*~ (stealth).
   183 | D:5      | Reached skill level 3 in Axes
   183 | D:5      | Reached XP level 3. HP: 8/23 MP: 3/3
   185 | D:5      | HP: 5/23 [orc/+0 hand axe (1)]
   469 | D:5      | Noticed a scorpion
   475 | D:5      | 475 ||| Stepping randomly (stuck).
   484 | D:5      | Noticed a lemure
   494 | D:5      | Slain by a scorpion

Levels and vault maps discovered:
D:5:      layout_cave_pools, nicolae_hepliaklqana_monster_ancestors,
          minmay_temple_entry_stoned_glass,
          minmay_guarded_unrand_staff_of_olgreb, uniq_pikel

Skill      XL: |  1  2 |
---------------+-------+-----
Axes           | 2 3 |  3.5
Fighting       | |  3.2
Dodging        | |  1.5
Stealth        | |  5.4

Action                   || total
-------------------------++-------
Melee: Hand axe          ||    47
  Use: Scroll            ||     1
Armor: Leather armour    ||    33
Dodge: Dodged            ||    41

Table legend:
 A = Non-vault XP
 B = Vault XP
 C = Vault XP percentage of total XP
 D = Non-vault monster count
 E = Vault monster count
 F = Vault count percentage of total count
                 A         B        C        D         E       F
            +---------+---------+-------+---------+---------+-------
      Total |      65 |       0 |   0.0 |       5 |       0 |   0.0
            +---------+---------+-------+---------+---------+-------
        D:5 |      65 |       0 |   0.0 |       5 |       0 |   0.0
            +---------+---------+-------+---------+---------+-------
